 Dungeon Crawl Stone Soup version 0.27-a0-836-gfc908b8576 (webtiles) character file.

Game seed: 10879204541807597837

64366 robertstho the Eclecticist (level 15, 0/106 HPs)
             Began as a Djinni Ice Elementalist on Mar 31, 2021.
             Was an Initiate of Gozag.
             Shot with an arrow by Nessos (28 damage)
             ... on level 13 of the Dungeon.
             The game lasted 00:59:38 (34329 turns).

robertstho the Eclecticist (DjIE)                  Turns: 34329, Time: 00:59:38

Health: 0/106      AC: 11    Str: 10    XL:     15   Next: 12%
Gold:   4731       EV: 17    Int: 27    God:    Gozag SH:  5 Dex: 24

rFire    + + .     SeeInvis +   J - +8 halberd "Orb Guardian's Bane" {flame, *Noise rElec Dex+10}
rCold    x . .     Faith    .   (shield currently unavailable)
rNeg     . . .     Spirit   .   j - +2 robe {Will+}
rPois    ∞         Reflect  +   Q - +2 hood of the Assassin {Detection Stab+ Stlth++}
rElec    +         Harm     .   M - +1 cloak of the Eternal Fruit {+Blink rPois Str+3 SInv}
rCorr    +         Rampage  .   d - +2 pair of gloves
Will     ++...                  (boots unavailable)
Stlth    +++++.....             e - amulet "Seodwui" {Reflect Fragile Int+4 SH+5}
HPRegen  0.27/turn              w - ring of wizardry
MPRegen  0.00/turn              B - ring of resist corrosion

@: flying, studying Dodging
A: fire resistance 2, cold vulnerability 1, float, innate caster, hp casting,
extra vitality 1
a: Renounce Religion, Evoke Blink, Potion Petition, Call Merchant, Bribe Branch


You were on level 13 of the Dungeon.
You worshipped Gozag.
Gozag was most pleased with you.
You visited 4 branches of the dungeon, and saw 22 of its levels.
You also visited: Bailey.

You collected 8362 gold pieces.
You spent 2915 gold pieces at shops.
You paid 716 gold pieces to Gozag.

Inventory:

Hand Weapons
 J - the +8 halberd "Orb Guardian's Bane" (weapon) {flame, *Noise rElec Dex+10}
   (You bought it in a shop on level 11 of the Dungeon)

   It has been specially enchanted to burn those struck by it, causing extra
   injury to most foes and up to half again as much damage against particularly
   susceptible opponents.
   Big, fiery blades are also staple armaments of hydra-hunters.
   It affects your dexterity (+10).
   It insulates you from electricity.
   It may make noises in combat.
 K - a +2 vorpal triple sword
 O - the +5 rapier "Famibr Exeu" {protect, rC+}
   (You took it off an efreet on level 11 of the Dungeon)

   It grants its wielder temporary protection when it strikes (+7 to AC).
   It protects you from cold.
Armour
 d - a +2 pair of gloves (worn)
 j - a +2 robe of willpower (worn)
 r - a +0 robe of positive energy
 M - the +1 cloak of the Eternal Fruit (worn) {+Blink rPois Str+3 SInv}
   (You found it on level 11 of the Dungeon)

   It affects your strength (+3).
   It protects you from poison.
   It lets you see invisible.
   It lets you blink.
 Q - the +2 hood of the Assassin (worn) {Detection Stab+ Stlth++}
   (You bought it in a shop on level 2 of the Orcish Mines)

   It makes you much more stealthy.
Jewellery
 e - the amulet "Seodwui" (around neck) {Reflect Fragile Int+4 SH+5}
   (You acquired it on level 4 of the Lair of Beasts)

   [amulet of reflection]

   It reflects blocked missile attacks.
   It affects your intelligence (+4).
   It will be destroyed if unequipped.
   It affects your SH (+5).
 m - a +6 ring of dexterity
 o - a ring of ice
 w - a ring of wizardry (left hand)
 B - a ring of resist corrosion (right hand)
 E - a ring of protection from fire
 H - a +6 ring of intelligence
 L - a +4 ring of evasion
 N - an amulet of regeneration
 P - a ring of positive energy
Wands
 f - a wand of iceblast (10)
 y - a wand of digging (9)
 D - a wand of acid (31)
Scrolls
 a - 2 scrolls of holy word
 c - 5 scrolls of immolation
 g - 8 scrolls of enchant armour
 h - 3 scrolls of enchant weapon
 p - 7 scrolls of teleportation
 q - 2 scrolls of magic mapping
 s - 2 scrolls of fear
 u - 2 scrolls of fog
 x - a scroll of brand weapon
 z - a scroll of summoning
 F - a scroll of blinking
Potions
 b - 4 potions of might
 i - 2 potions of attraction
 k - 3 potions of brilliance
 l - 2 potions of invisibility
 n - 2 potions of cancellation
 t - 5 potions of mutation
 v - 6 potions of haste
 A - a potion of heal wounds
 C - 3 potions of resistance
 I - 2 potions of ambrosia


   Skills:
 * Level 9.4 Fighting
 + Level 2.7(4.2) Short Blades
 + Level 5.0(5.4) Long Blades
 + Level 4.1 Polearms
 + Level 6.7 Dodging
 + Level 4.8 Stealth
 + Level 0.9 Shields
 * Level 17.8 Spellcasting


You had 9 spell levels left.
You knew the following spells:

 Your Spells              Type           Power      Damage    Failure   Level
a - Freeze                Ice            100%       1d11      0%          1
b - Frozen Ramparts       Ice            100%       1d12      0%          3
c - Ozocubu's Armour      Ice            88%        N/A       0%          3
d - Hailstorm             Conj/Ice       88%        3d18      0%          4
e - Summon Ice Beast      Ice/Summ       88%        N/A       0%          4
f - Shock                 Conj/Air       100%       1d9       0%          1
g - Ensorcelled Hibernat  Hex/Ice        100%       N/A       0%          2
h - Call Imp              Summ           88%        N/A       0%          2
i - Cause Fear            Hex            44%        N/A       0%          4
j - Hydra Form            Tmut           44%        N/A       1%          5
k - Bolt of Magma         Conj/Fire/Erth 44%        4d18      1%          5
l - Blade Hands           Tmut           44%        N/A       1%          6
Your spell library was empty.

Dungeon Overview and Level Annotations

Branches:
Dungeon (13/15)            Temple (1/1) D:5            Lair (6/6) D:11
  Swamp (0/4) Lair:4        Snake (0/4) Lair:3        Slime (0/5) Lair:6
    Orc (2/2) D:10            Elf (0/3) Orc:2        Bailey (visited)
 Vaults: D:13-14

Altars:
Ashenzari
Cheibriados
Dithmenos
Elyvilon
Fedhas
Gozag
Hepliaklqana
Kikubaaqudgha
Makhleb
Nemelex Xobeh
Okawaru
Qazlal
Ru
Sif Muna
Trog
Uskayaw
Vehumet
Wu Jian
Xom
Yredelemnul
Zin
The Shining One
Beogh
Jiyva

Shops:
D:5 (=   D:11 =*   Orc:1 *   Orc:2 *[=(

Portals:
Hell: Lair:6

Annotations:
D:5 2 transporters, Grognak's ghost, amateur MiFi
D:13 Nessos
Orc:2 1 runed translucent door, Drazool's ghost, journeyman GrGl


Innate Abilities, Weirdness & Mutations

You are immune to poison.
Your flesh is very heat resistant. (rF++)
You are vulnerable to cold. (rC-)
You float through the air rather than walking.
You learn spells naturally, not from books.
Your magical power is your life essence.
You have superior vitality. (+4 HP)


Message History

There is a stone staircase leading down here.
You start resting.
HP restored.
You fly downwards.
Level annotation: Nessos Nessos unwields a +0 quarterstaff.
Nessos wields a +3 longbow of flaming.
It bursts into flame!
Nessos shoots an arrow.
The arrow hits you! The arrow burns you.
Nessos blinks!
There is a stone staircase leading up here.
Unknown command.
Casting: Hailstorm (safe; 0% risk of failure)
Confirm with . or Enter, or press ? or * to list all spells.
A chill wind blows around you.
Nessos shoots an arrow.
The arrow hits you!
Casting: Summon Ice Beast (safe; 0% risk of failure)
Confirm with . or Enter, or press ? or * to list all spells.
A chill wind blows around you.
Nessos blinks!
Casting: Summon Ice Beast (safe; 0% risk of failure)
Confirm with . or Enter, or press ? or * to list all spells.
A chill wind blows around you.
Nessos casts a spell.
Nessos seems to speed up.
Casting: Summon Ice Beast (safe; 0% risk of failure)
Confirm with . or Enter, or press ? or * to list all spells.
A chill wind blows around you.
Nessos shoots an arrow.
The arrow hits you!!
* * * LOW HITPOINT WARNING * * *
The arrow burns you.
* * * LOW HITPOINT WARNING * * *
Nessos shoots an arrow.
The arrow hits you!
* * * LOW HITPOINT WARNING * * *
The arrow burns you.
* * * LOW HITPOINT WARNING * * *
You feel much better.
Nessos shoots an arrow.
The arrow hits your ice beast!! The arrow melts your ice beast.
Nessos shoots an arrow.
The arrow hits your ice beast!! The arrow melts your ice beast!
Your ice beast dies!
Your ice beast disappears in a puff of smoke!
Nessos intently looks at you, slowly moving their tail.
Nessos shoots an arrow.
The arrow hits you!!
You die...
Your body crumbles into a pile of gold.

##.......$ .... #
..# ##.......
...###. ..#
##......
...#..#..# #
.......
....#...#..
....... .###
##..........
.......
...c.#§......$.#
....$....Y....##
.#......@.....#
.......Y..$...#
..............#
......$...$....#
#................
#...$............
.................
.........>.......
...............


You could see Nessos (fast, ally target) and 2 friendly ice beasts.

Vanquished Creatures
  Jorgrun (D:13)
  An orc warlord (Orc:2)
  Azrael (D:13)
  6 hydras
  Erica (D:9)
  A catoblepas (Lair:4)
  A hell beast (Lair:6)
  3 two-headed ogres
  3 death yaks (Lair:3)
  2 tengu warriors (D:13)
  An orc high priest (Orc:2)
  Sonja (D:13)
  2 wizards
  5 orc knights
  2 deep elf pyromancers
  An ugly thing (D:10)
  2 orc sorcerers (Orc:2)
  A slime creature (D:12)
  2 manticores
  2 black mambas
  6 elephants
  A gargoyle (D:12)
  4 cane toads
  3 orange demons (Lair:6)
  4 rime drakes
  4 komodo dragons
  An efreet (D:11)
  A red devil (Lair:6)
  A tengu conjurer (D:13)
  A meliai (D:12)
  2 trolls
  Grinder (D:4)
  A polar bear (Lair:1)
  3 hornets
  9 blink frogs
  3 dream sheep (Lair:5)
  2 wyverns
  A vampire (D:12)
  2 fire elementals (D:13)
  28 yaks
  2 wraiths
  A basilisk (Lair:4)
  4 vampire mosquitoes
  A warg (Orc:2)
  An acid dragon (D:13)
  3 hell hounds
  20 water moccasins
  3 ice beasts
  24 orc warriors
  A sky beast (D:6)
  A hornet zombie (D:7)
  A necrophage (D:5)
  A black bear (D:7)
  6 wolves
  4 ogres
  4 centaurs
  2 phantoms (D:5)
  2 nameless horrors
  2 kobold brigands
  8 bullfrogs
  2 scorpions
  4 wights
  6 killer bees
  2 howler monkeys (D:7)
  3 crimson imps (D:7)
  2 centaur zombies
  3 jellies
  A gnoll shaman (D:7)
  7 orc priests
  A bullfrog skeleton (D:6)
  2 hounds (D:7)
  4 iguanas
  9 orc wizards
  A hell rat (Lair:6)
  4 hound skeletons
  A howler monkey zombie (D:5)
  12 gnolls
  5 adders
  5 white imps
  3 worms
  52 orcs
  9 ball pythons
  6 bats
  7 endoplasms
  4 giant cockroaches
  19 goblins
  12 hobgoblins
  A jackal (D:4)
  5 frilled lizards
  29 kobolds
  10 rats
  A spectral orc (D:2)
440 creatures vanquished.

Vanquished Creatures (collateral kills)
  9 hydras
  A two-headed ogre (Orc:2)
  A tengu warrior (D:13)
  A death yak (Lair:3)
  A fire crab (Lair:6)
  An orc knight (Orc:2)
  3 oklob plants (Lair:2)
  2 orc sorcerers (Orc:2)
  An elephant (Lair:6)
  A black mamba (Lair:1)
  An orange demon (Lair:6)
  5 cane toads
  A smoke demon (Lair:6)
  2 rime drakes
  5 komodo dragons
  An efreet (D:13)
  A red devil (Lair:6)
  4 trolls
  2 meliai (D:12)
  2 hornets
  A polar bear (Lair:6)
  3 slime creatures
  10 blink frogs
  4 dream sheep (Lair:5)
  Sigmund (D:6)
  12 yaks
  Eustachio (D:4)
  A wyvern (D:9)
  4 basilisks
  A steam dragon (D:6)
  Edmund (D:6)
  3 hell hounds (Lair:6)
  9 water moccasins
  9 orc warriors
  A black bear (D:11)
  An ice beast (D:7)
  5 ogres
  A sky beast (D:7)
  A necrophage (D:7)
  A wolf (Lair:5)
  2 centaurs
  A phantom (D:7)
  A kobold brigand (D:8)
  7 bullfrogs
  Blork the orc (D:6)
  A scorpion (D:5)
  A wyvern zombie (D:8)
  7 killer bees
  5 wights
  4 crimson imps (D:7)
  A centaur zombie (D:10)
  3 orc priests
  3 hounds
  A jelly (D:5)
  A bullfrog skeleton (D:6)
  A gnoll shaman (D:7)
  Ijyb (D:4)
  6 orc wizards
  A killer bee zombie (D:9)
  Robin (D:4)
  2 hound skeletons
  A howler monkey zombie (D:9)
  2 gnolls
  An adder (D:4)
  3 shadow imps
  A white imp (D:8)
  A dart slug (D:4)
  10 orcs
  A hobgoblin (D:4)
  A jackal (D:4)
  4 kobolds
  A quokka (D:5)
192 creatures vanquished.

Vanquished Creatures (others)
  85 fungi
  54 plants
139 creatures vanquished.

Grand Total: 771 creatures vanquished

Notes
Turn   | Place    | Note
-------+----------+-------------------------------------------
     0 | D:1      | robertstho the Djinni Ice Elementalist began the quest for
                  | the Orb.
     0 | D:1      | Reached XP level 1. HP: 15/15 MP: 0/0
   301 | D:1      | Reached XP level 2. HP: 18/21 MP: 0/0
   305 | D:1      | Reached skill level 4 in Spellcasting
   688 | D:1      | Found a glowing golden altar of the Shining One.
  1363 | D:2      | Reached XP level 3. HP: 22/26 MP: 0/0
  1363 | D:2      | Learned a level 1 spell: Shock
  1636 | D:2      | Reached skill level 1 in Fighting
  2314 | D:2      | Reached XP level 4. HP: 24/32 MP: 0/0
  2720 | D:2      | Found a basalt altar of Yredelemnul.
  4098 | D:4      | Reached XP level 5. HP: 32/37 MP: 0/0
  4098 | D:4      | Learned a level 2 spell: Ensorcelled Hibernation
  4138 | D:4      | Noticed Ijyb
  4146 | D:4      | HP: 1/37 [acid (16)]
  4512 | D:4      | Reached skill level 1 in Short Blades
  4575 | D:5      | Entered Level 5 of the Dungeon
  4575 | D:5      | Noticed a phantom
  4575 | D:5      | Noticed a necrophage
  4585 | D:5      | HP: 1/38 [necrophage (2)]
  4588 | D:5      | Killed a necrophage
  4588 | D:5      | Found a staircase to the Ecumenical Temple.
  4589 | D:5      | Reached skill level 5 in Spellcasting
  4589 | D:5      | Reached XP level 6. HP: 2/43 MP: 0/0
  4597 | Temple   | Entered the Ecumenical Temple
  5038 | Temple   | Became a worshipper of Gozag Ym Sagoz the Greedy
  5178 | D:5      | Noticed an ice beast
  5191 | D:5      | Killed an ice beast
  5677 | D:5      | Found Xeed's Jewellery Shoppe.
  5769 | D:5      | Reached XP level 7. HP: 8/49 MP: 0/0
  5769 | D:5      | Learned a level 2 spell: Call Imp
  6240 | D:5      | Found Ugamuph's Weapon Boutique.
  6387 | D:5      | Noticed Grognak's ghost (amateur MiFi)
  6388 | D:5      | Found a transporter.
  6627 | D:5      | Found a stormy altar of Qazlal.
  6976 | D:5      | Found a transporter.
  7259 | D:5      | Bought a +2 scimitar of flaming for 192 gold pieces
  7267 | D:4      | Noticed Robin
  7268 | D:4      | Noticed a nameless horror
  7274 | D:4      | Killed a nameless horror
  7282 | D:4      | Killed Ijyb
  7291 | D:4      | Killed Robin
  7296 | D:4      | Noticed Grinder
  7566 | D:6      | Noticed Sigmund
  7571 | D:6      | Killed Sigmund
  7572 | D:6      | Reached skill level 6 in Spellcasting
  7835 | D:6      | Noticed a steam dragon
  7849 | D:6      | Killed a steam dragon
  7850 | D:6      | Reached XP level 8. HP: 40/56 MP: 0/0
  7850 | D:6      | Noticed Edmund
  7858 | D:6      | Killed Edmund
  7860 | D:6      | Reached skill level 1 in Long Blades
  8076 | D:6      | Found a blossoming altar of Fedhas.
  8076 | D:6      | Found a sparkling altar of Nemelex Xobeh.
  8076 | D:6      | Found an ornate altar of the Wu Jian Council.
  8079 | D:6      | Noticed a nameless horror
  8079 | D:6      | Noticed Blork the orc
  8085 | D:6      | Killed a nameless horror
  8090 | D:6      | Killed Blork the orc
  8091 | D:6      | Reached skill level 7 in Spellcasting
  8281 | D:6      | Found a glowing silver altar of Zin.
  8281 | D:6      | Found a shadowy altar of Dithmenos.
  8281 | D:6      | Found a burning altar of Makhleb.
  8281 | D:6      | Found a hide-covered altar of Uskayaw.
  9645 | D:7      | Reached XP level 9. HP: 40/62 MP: 0/0
  9645 | D:7      | Learned a level 4 spell: Cause Fear
 10240 | D:7      | Reached skill level 8 in Spellcasting
 10585 | D:7      | You are sucked into a shaft and drop 2 floors!
 10920 | D:9      | Noticed Erica
 10937 | D:9      | Killed Erica
 10938 | D:9      | Reached skill level 5 in Fighting
 10938 | D:9      | Reached skill level 9 in Spellcasting
 11431 | D:9      | Reached XP level 10. HP: 45/70 MP: 0/0
 11821 | D:9      | Reached skill level 10 in Spellcasting
 12546 | D:9      | Noticed a wizard
 12557 | D:9      | Killed a wizard
 13375 | D:8      | Noticed a two-headed ogre
 13383 | D:8      | Killed a two-headed ogre
 13457 | D:8      | Reached skill level 11 in Spellcasting
 13775 | D:8      | Found a broken altar of Ashenzari.
 14007 | D:8      | Noticed a deep elf pyromancer
 14010 | D:8      | Killed a deep elf pyromancer
 14011 | D:8      | Reached XP level 11. HP: 62/76 MP: 0/0
 14011 | D:8      | Learned a level 5 spell: Hydra Form
 14147 | D:8      | Found a sacrificial altar of Ru.
 14823 | D:4      | Killed Grinder
 15079 | D:4      | Noticed Eustachio
 15086 | D:4      | Killed Eustachio
 16379 | D:10     | Entered Level 10 of the Dungeon
 16384 | D:10     | Noticed a two-headed ogre
 16390 | D:10     | Killed a two-headed ogre
 16514 | D:10     | Found a shadowy altar of Dithmenos.
 17003 | D:10     | Found a staircase to the Orcish Mines.
 17010 | D:10     | Reached skill level 5 in Long Blades
 17201 | D:10     | Noticed a cyan ugly thing
 17212 | D:10     | Killed a cyan ugly thing
 17213 | D:10     | Reached skill level 12 in Spellcasting
 17952 | D:11     | Bought a pitted halberd for 243 gold pieces
 17952 | D:11     | Identified the +8 halberd "Orb Guardian's Bane" {flame,
                  | *Noise rElec Dex+10} (You bought it in a shop on level 11
                  | of the Dungeon)
 17952 | D:11     | Bought a glowing triple sword for 351 gold pieces
 17952 | D:11     | Bought a scroll labelled YTIOLILUUN for 27 gold pieces
 17955 | D:11     | Found a flagged portal.
 17987 | Bailey   | Entered a bailey
 18004 | Bailey   | Noticed an orc knight
 18112 | Bailey   | Identified the +1 ring mail of Zorph {rN+}
 18144 | Bailey   | Noticed an orc knight
 18215 | Bailey   | Killed an orc knight
 18396 | Bailey   | Killed an orc knight
 18966 | D:11     | Found Orar's Jewellery Emporium.
 19275 | D:11     | Found a staircase to the Lair.
 19638 | D:11     | Identified the +1 cloak of the Eternal Fruit {+Blink rPois
                  | Str+3 SInv}
 19666 | D:11     | Reached skill level 13 in Spellcasting
 19666 | D:11     | Reached XP level 12. HP: 48/84 MP: 0/0
 19710 | D:11     | Identified the +5 rapier "Famibr Exeu" {protect, rC+}
 20763 | D:12     | Reached skill level 1 in Polearms
 20818 | D:12     | Noticed a two-headed ogre
 20824 | D:12     | Killed a two-headed ogre
 21004 | D:12     | Noticed a four-headed hydra
 21012 | D:12     | Killed a four-headed hydra
 21013 | D:12     | Reached skill level 14 in Spellcasting
 21432 | Lair:1   | Entered Level 1 of the Lair of Beasts
 21983 | Lair:1   | Reached skill level 5 in Dodging
 22337 | Lair:2   | Reached XP level 13. HP: 92/92 MP: 0/0
 22337 | Lair:2   | Learned a level 5 spell: Bolt of Magma
 22987 | Lair:2   | Reached skill level 15 in Spellcasting
 23163 | Lair:2   | Identified the +3 hunting sling "Xyfowos" {flame, rElec
                  | Int-3 Dex+2}
 23314 | Lair:3   | Found a staircase to the Snake Pit.
 24436 | Lair:4   | Found a staircase to the Swamp.
 25151 | Lair:4   | Identified 3 scrolls of acquirement
 25159 | Lair:4   | Acquired the amulet "Seodwui" {Reflect Fragile Int+4 SH+5}
 25170 | Lair:4   | Acquired 750 gold pieces
 25172 | Lair:4   | Acquired a manual of Dodging
 25445 | Lair:5   | Reached skill level 16 in Spellcasting
 25928 | Lair:5   | Reached XP level 14. HP: 74/99 MP: 0/0
 26727 | Lair:6   | Entered Level 6 of the Lair of Beasts
 28262 | Lair:6   | Found a viscous altar of Jiyva.
 28263 | Lair:6   | Found a staircase to the Slime Pits.
 28360 | Lair:6   | Found a blossoming altar of Fedhas.
 29403 | Lair:6   | Found a burning altar of Makhleb.
 29518 | Lair:6   | Found a gateway to Hell.
 29834 | Orc:1    | Entered Level 1 of the Orcish Mines
 29950 | Orc:2    | Entered Level 2 of the Orcish Mines
 30119 | Orc:2    | Found Zistic's General Store.
 30125 | Orc:2    | Reached skill level 17 in Spellcasting
 30725 | Orc:2    | Found a runed translucent door.
 30728 | Orc:2    | Found a shimmering altar of Xom.
 30728 | Orc:2    | Noticed Drazool's ghost (journeyman GrGl)
 30815 | Orc:2    | Bought a scroll of fear for 42 gold pieces
 30815 | Orc:2    | Bought a scroll of identify for 24 gold pieces
 31108 | Orc:2    | Found Ahiesin's Jewellery Emporium.
 31202 | Orc:2    | Found a staircase to the Elven Halls.
 31415 | Orc:2    | Noticed an orc warlord
 31436 | Orc:2    | Killed an orc warlord
 31439 | Orc:2    | Found Ytzur's Antique Armour Shop.
 31927 | Orc:2    | Bought the +2 hood of the Assassin {Detection Stab+
                  | Stlth++} for 1980 gold pieces
 31927 | Orc:2    | Found the +2 hood of the Assassin {Detection Stab+ Stlth++}
 32012 | Orc:2    | Found Hogahie's Antique Weapon Boutique.
 32763 | Orc:1    | Found Voq Asu's General Store.
 32773 | Orc:1    | Bought a scroll of identify for 28 gold pieces
 32773 | Orc:1    | Bought a scroll of identify for 28 gold pieces
 33056 | D:13     | Noticed Sonja
 33072 | D:13     | Killed Sonja
 33075 | D:13     | Noticed Jorgrun
 33377 | D:13     | Noticed Azrael
 33385 | D:13     | Killed Azrael
 33760 | D:13     | Reached XP level 15. HP: 83/105 MP: 0/0
 33760 | D:13     | Learned a level 6 spell: Blade Hands
 34114 | D:13     | Killed Jorgrun
 34119 | D:13     | Noticed Nessos
 34327 | D:13     | HP: 5/106 [Nessos/arrow (16)]
 34329 | D:13     | Shot with an arrow by Nessos

Illustrated notes

Levels and vault maps discovered:
D:1:      dpeg_arrival_shelter, layout_rooms, minivault_27, tso_metal_star
D:2:      layout_loops_corners, yredelemnul_forgotten_temple_becter
D:3:      layout_loops_corners, kennysheep_crisscross, st_stairs_3
D:4:      layout_cave_pools, uniq_grinder, uniq_ijyb, uniq_robin, uniq_eustachio
D:5:      layout_layer_cave, nicolae_qazlal_general_emergency,
          overflow_temple_1_default, minmay_temple_entry_mist,
          gammafunk_ghost_smash, serial_shops, kennysheep_mini,
          nicolae_shop_behind_doors
D:6:      layout_loops_ring, grunt_temple_overflow_open, grunt_ministairs_5,
          uniq_edmund, uniq_blork_the_orc, uniq_sigmund
D:7:      minmay_razor_zed, layout_loops_ring, minmay_nine_imps
D:8:      layout_rooms, old_standard_altar, lemuel_crystal_altar, serial_curves,
          eino_curves_03, eino_curves_02, grunt_ministairs_12
D:9:      kennysheep_windowed_halls, layout_basic, uniq_erica
D:10:     layout_cave_pods, david_orc_2, basic_altar
D:11:     layout_grid_maze, due_lair_maze_entry_diamond, serial_shops, shop,
          enter_bailey_5
D:12:     layout_roguey [special_room_orc], hangedman_pestilent_swarm,
          kennysheep_small_circle
D:13:     layout_cave_pools, david_vaults_2, uniq_jorgrun, uniq_azrael,
          uniq_sonja, uniq_nessos
Temple:   jpeg_temple_island
Lair:1:   layout_roguey, grunt_megastairs_5, infiniplex_staircase_pool_2
Lair:2:   layout_gridlike, minmay_lair_oklob_chamber
Lair:3:   layout_cave_pods, dummy_snake_entry
Lair:4:   layout_cave_pods, minmay_swamp_entry_swarm, grunt_megastairs_4
Lair:5:   layout_gridlike
Lair:6:   evil_forest, layout_cave_pods, dpeg_slime_entry_enclosed_altar,
          basic_altar, chequers_serial_rivers_room_b
Orc:1:    layout_diamond_mine, serial_shops, shop
Orc:2:    grunt_orc_gardens, layout_caves, grunt_orc_garden, grunt_orc_garden,
          grunt_orc_garden, grunt_orc_garden, ebering_ghost_xom,
          nicolae_orc_tapped_out

Skill      XL: |  1  2  3  4  5  6  7  8  9 10 11 12 13 14 |
---------------+-------------------------------------------+-----
Spellcasting   | 4 5 6 7 9 11 13 14 16 17 | 17.8
Fighting       | 1 2 3 4 5 6 7 8 9 |  9.4
Short Blades   | 1 2 |  2.7
Dodging        | 3 4 5 6 |  6.7
Stealth        | 2 3 4 |  4.8
Long Blades    | 3 4 5 |  5.0
Polearms       | 2 3 4 |  4.1
Shields        | |  0.9

Action                   |  1- 3 |  4- 6 |  7- 9 | 10-12 | 13-15 || total
-------------------------+-------+-------+-------+-------+-------++-------
Melee: Dagger            |    25 |    56 |    12 |       |       ||    93
       Unarmed           |     3 |       |       |       |       ||     3
       Short sword       |    57 |    84 |       |       |       ||   141
       Scimitar          |       |       |    67 |    63 |       ||   130
       Halberd           |       |       |       |    57 |   101 ||   158
 Cast: Freeze            |    37 |    23 |     2 |       |     1 ||    63
       Summon Ice Beast  |       |     6 |    37 |   139 |   245 ||   427
       Ozocubu's Armour  |       |     1 |     2 |       |     1 ||     4
       Call Imp          |       |       |    13 |       |       ||    13
       Frozen Ramparts   |       |       |    14 |    22 |    13 ||    49
       Hailstorm         |       |       |    19 |   170 |   136 ||   325
       Bolt of Magma     |       |       |       |       |    37 ||    37
       Cause Fear        |       |       |       |       |     2 ||     2
Invok: Call Merchant     |       |       |       |     1 |       ||     1
  Use: Scroll            |       |     8 |     5 |     3 |    13 ||    29
       Potion            |       |     2 |     1 |       |     1 ||     4
 Stab: Sleeping          |     5 |     3 |     2 |     2 |     4 ||    16
       Distracted        |       |     1 |       |     6 |     3 ||    10
Armor: Robe              |    29 |    45 |    19 |    50 |    28 ||   171
Dodge: Dodged            |    70 |    79 |    73 |   153 |   110 ||   485
Block: Other             |       |       |       |       |    20 ||    20
       Rpst.: Scimitar   |       |       |    21 |    20 |       ||    41

Table legend: (Time is in decaauts)
 A = Elapsed time spent in this place.
 B = Non-inter-level travel time spent in this place.
 C = Inter-level travel time spent in this place.
 D = Time resting spent in this place.
 E = Time spent auto-exploring this place.
 F = Levels seen in this place.
 G = Mean time per level.
                   A        B        C        D        E       F      G
               +--------+--------+--------+--------+--------+-----+--------+
         Total |  34372 |  32927 |   1445 |   4705 |  24043 |  23 | 1494.4 |
       Dungeon |  21373 |  20337 |   1036 |   3292 |  14680 |  13 | 1644.1 |
        Temple |    466 |    431 |     35 |    386 |     38 |   1 |  466.0 |
          Lair |   8391 |   8102 |    289 |    513 |   6493 |   6 | 1398.5 |
  Orcish Mines |   3174 |   3090 |     84 |    293 |   2337 |   2 | 1587.0 |
        Bailey |    967 |    967 |      0 |    221 |    495 |   1 |  967.0 |
               +--------+--------+--------+--------+--------+-----+--------+

Top non-repeatable levels by time:
  Lair:6: 2967 daAuts
     D:9: 2789 daAuts
     D:5: 2540 daAuts
     D:6: 2072 daAuts
    D:12: 2051 daAuts
     D:7: 2007 daAuts
   Orc:2: 1979 daAuts
    D:11: 1712 daAuts
     D:2: 1702 daAuts
     D:3: 1639 daAuts
    D:10: 1597 daAuts
  Lair:5: 1545 daAuts
   Orc:1: 1194 daAuts
  Lair:4: 1104 daAuts
     D:1: 1085 daAuts
